Selects Armored Support Battlegroup
Construct Light Support Kompanie
Panzerjäger Mechanized Group
Selects Superior Fire Drills
Selects Flammpanzer III Medium Tank Sd.Kfz. 141
Construct Panzerarmee Kommand
Selects Stuka Anti-tank Loiter
Selects Command Panzer IV F Medium Tank
Flak 36 Anti-tank Gun Team